 Dungeon Crawl Stone Soup version 0.21.1-1-g345015f (webtiles) character file.

18 Melicamp the Insei (level 2, -1/39 HPs)
             Began as a Gnoll Wanderer on Apr 10, 2018.
             Slain by a scorpion (10 damage)
             ... on level 2 of the Dungeon.
             The game lasted 00:06:58 (1170 turns).

Melicamp the Insei (Gnoll Wanderer)                 Turns: 1170, Time: 00:06:58

Health: -1/39      AC:  2    Str: 19    XL:     2   Next: 70%
Magic:  2/2        EV: 13    Int: 14    God:
Gold:   84         SH:  0    Dex: 14    Spells: 2/2 levels left

rFire    . . .     SeeInvis .   c - +0 spear
rCold    . . .     Gourm    .   (no shield)
rNeg     . . .     Faith    .   e - +0 robe
rPois    .         Spirit   .   (no helmet)
rElec    .         Reflect  .   (no cloak)
rCorr    .         Harm     .   (no gloves)
MR       .....                  (no boots)
Stlth    ..........             (no amulet)
HPRegen  0.13/turn              (no ring)
MPRegen  0.08/turn              (no ring)

@: berserking, very quick
A: distributed training, fangs 1, strong nose
a: no special abilities


You were on level 2 of the Dungeon.
You were hungry.

You visited 1 branch of the dungeon, and saw 2 of its levels.

You collected 84 gold pieces.

Inventory:

Hand Weapons
 c - a +0 spear (weapon)
 l - a cursed -3 spear
   (You found it on level 2 of the Dungeon)
Missiles
 i - 42 stones (quivered)
Armour
 e - a +0 robe (worn)
 k - a +2 pair of gloves
   (You found it on level 1 of the Dungeon)
Jewellery
 j - an uncursed amulet of magic regeneration {unknown}
   (You found it on level 2 of the Dungeon)
Scrolls
 a - 2 scrolls of blinking
Potions
 d - a potion of lignification
 g - 2 potions of curing
 h - a potion of invisibility {unknown}
Comestibles
 f - 3 rations


   Skills:
 + Level 4.5 Fighting
 + Level 0.5 Short Blades
 + Level 0.5 Long Blades
 + Level 0.5 Axes
 + Level 2.5 Maces & Flails
 + Level 0.5 Polearms
 + Level 0.5 Staves
 + Level 0.5 Slings
 + Level 0.5 Bows
 + Level 0.5 Crossbows
 + Level 0.5 Throwing
 + Level 4.5 Armour
 + Level 2.5 Dodging
 + Level 2.3 Stealth
 + Level 2.5 Shields
 + Level 4.5 Unarmed Combat
 + Level 0.5 Spellcasting
 + Level 0.3 Conjurations
 + Level 0.3 Hexes
 + Level 0.3 Charms
 + Level 0.3 Summonings
 + Level 0.3 Necromancy
 + Level 0.3 Translocations
 + Level 0.3 Transmutations
 + Level 0.3 Fire Magic
 + Level 0.3 Ice Magic
 + Level 0.3 Air Magic
 + Level 0.3 Earth Magic
 + Level 0.3 Poison Magic
 + Level 0.6 Invocations
 + Level 0.5 Evocations


You had 2 spell levels left.
You didn't know any spells.

Dungeon Overview and Level Annotations

Branches:
Dungeon (2/15)

Altars:


Innate Abilities, Weirdness & Mutations

Your experience applies equally to all skills.
You have very sharp teeth.
Your uncanny sense of smell can sniff out nearby items.


Message History

You climb upwards.
There is a stone staircase leading down here.
You see here a kobold skeleton.
There is a stone staircase leading down here.
You climb downwards.
Found a spear and a ration.
There is a stone staircase leading up here.
You see here a spear.
f - 3 rations (gained 1)
Found 15 sling bullets and 9 gold pieces.
You now have 84 gold pieces (gained 9).
Found a stone staircase leading down.
Found a potion of curing.
You see here 15 sling bullets.
g - 2 potions of curing (gained 1)
You open the door.
You are feeling hungry.
There is an open door here.
Found a twisted pearl amulet.
Found a runed spear.
j - a twisted pearl amulet You found a teleport trap!
You see here a runed spear.
l - a runed spear You open the door.
Found a stone staircase leading down.
There is an open door here.
There is a stone staircase leading down here.
Found a stone staircase leading down.
There is a stone staircase leading down here.
A hobgoblin comes into view. It is wielding a club.
A hobgoblin is nearby!
Attack whom?
Press: ? - help, Dir - move target cursor, f - hobgoblin
Aim: a hobgoblin, wielding a club (resting)
You reach to attack!
The helpless hobgoblin fails to defend itself.
You hit the hobgoblin.
You kill the hobgoblin!
You see here a club.
A scorpion comes into view.
Attack whom?
Press: ? - help, Dir - move target cursor, f - scorpion
Aim: a scorpion You reach to attack!
You hit the scorpion.
The scorpion is lightly wounded.
You hit the scorpion.
The scorpion is moderately wounded.
The scorpion stings you.
You hit the scorpion but do no damage.
You bite the scorpion, but do no damage.
The scorpion is moderately wounded.
The scorpion barely misses you.
You barely miss the scorpion.
The scorpion is moderately wounded.
The scorpion closely misses you.
You closely miss the scorpion.
The scorpion is moderately wounded.
The scorpion barely misses you. The scorpion stings you!
You closely miss the scorpion. Your bite misses the scorpion.
The scorpion is lightly wounded.
The scorpion stings you.
You hit the scorpion.
The scorpion is heavily wounded.
The scorpion stings you but does no damage.
You hit the scorpion but do no damage.
The scorpion is heavily wounded.
The scorpion misses you.
You hit the scorpion but do no damage.
The scorpion is heavily wounded.
The scorpion barely misses you.
You hit the scorpion but do no damage.
The scorpion is heavily wounded.
The scorpion closely misses you.
You barely miss the scorpion.
The scorpion is heavily wounded.
The scorpion closely misses you.
Okay, then.
You closely miss the scorpion. Your punch misses the scorpion.
The scorpion is heavily wounded.
The scorpion barely misses you.
You barely miss the scorpion.
You bite the scorpion, but do no damage.
The scorpion is heavily wounded.
The scorpion stings you.
You are too injured to fight recklessly!
You are too injured to fight recklessly!
A red film seems to cover your vision as you go berserk!
You feel yourself moving faster!
You feel mighty! The scorpion stings you!
* * * LOW HITPOINT WARNING * * *
You are too injured to fight recklessly!
You are too injured to fight recklessly!
You are too injured to fight recklessly!
You barely miss the scorpion.
The scorpion is moderately wounded.
The scorpion misses you.
You puncture the scorpion!
The scorpion is almost dead.
The scorpion stings you!
You die...

### ..# #.# #.# #.# ###
########.# ##.##
.........#####.#.######
####s.................
#.@...)..#...#####.
###########.## ##. #.#
#.. #.# #.## ...##.#
...... #...##.# #....
.## ..


You could see a scorpion.

Vanquished Creatures
  A leopard gecko (D:1)
  2 goblins (D:1)
  3 hobgoblins
  A ball python (D:1)
  4 bats (D:1)
  2 frilled lizards (D:1)
  A kobold (D:1)
  5 rats (D:1)
19 creatures vanquished.

Notes
Turn   | Place    | Note
-------+----------+-------------------------------------------
     0 | D:1      | Melicamp the Gnoll Wanderer began the quest for the Orb.
     0 | D:1      | Melicamp set off with: a scroll of blinking, a potion of berserk rage, a +0 spear, a potion of lignification, a +0 robe, a ration
     0 | D:1      | Reached XP level 1. HP: 20/20 MP: 1/1
   293 | D:1      | Reached XP level 2. HP: 26/26 MP: 2/2
   978 | D:2      | Noticed an ogre
  1151 | D:2      | Noticed a scorpion
  1168 | D:2      | HP: 9/39 [scorpion (7)]
  1170 | D:2      | Slain by a scorpion

Action                   || total
-------------------------++-------
Melee: Spear             ||    70
       Punch             ||     1
       Bite              ||     6
Throw: Stone             ||     1
  Use: Scroll            ||     3
       Potion            ||     1
 Stab: Sleeping          ||     6
Armor: Robe              ||    11
Dodge: Dodged            ||    31

Vault maps used:
D:1:      dpeg_arrival_water_altar
D:2:      first_ration, nrook_uturn, roderic_serpentine_path, uniq_sigmund

Table legend:
 A = Turns spent in this place as a percentage of turns spent in the entire game.
 B = Non-inter-level travel turns spent in this place as a percentage of non-inter-level travel turns spent in the entire game.
 C = Inter-level travel turns spent in this place as a percentage of turns spent in this place.
 D = Turns resting spent in this place as a percentage of non-inter-level travel turns spent in this place.
 E = Turns spent auto-exploring this place as a percentage of non-inter-level travel turns spent in this place.
 F = Non-inter-level travel turns spent in this place divided by the number of levels of this place that you've seen.
                   A       B       C       D       E      F
               +-------+-------+-------+-------+-------+----------------------
         Total | 100.0 | 100.0 |   5.6 |  29.2 |  42.5 | 552.0
       Dungeon | 100.0 | 100.0 |   5.6 |  29.2 |  42.5 | 552.0
               +-------+-------+-------+-------+-------+----------------------

Table legend:
 A = Kills in this place as a percentage of kills in entire the game.
 B = Kills by you in this place as a percentage of kills by you in the entire game.
 C = Kills by friends in this place as a percentage of kills by friends in the entire game.
 D = Other kills in this place as a percentage of other kills in the entire game.
 E = Experience gained in this place as a percentage of experience gained in the entire game.
 F = Experience gained in this place divided by the number of levels of this place that you have seen.
                   A       B       C       D       E      F
               +-------+-------+-------+-------+-------+----------------------
         Total | 100.0 | 100.0 |   N/A |   N/A | 100.0 |  13.5
       Dungeon | 100.0 | 100.0 |   N/A |   N/A | 100.0 |  13.5
               +-------+-------+-------+-------+-------+----------------------
